 Dungeon Crawl Stone Soup version 0.21.1-1-g345015fe64 (webtiles) character file.

168 Hercules1031 the Shield-Bearer (level 5, -2/42 HPs)
             Began as a Demonspawn Fighter on June 10, 2018.
             Killed by divine providence
             ... invoked by an orc priest
              (13 damage)
             ... on level 3 of the Dungeon.
             The game lasted 00:13:52 (2378 turns).

Hercules1031 the Shield-Bearer (Demonspawn Fighter) Turns: 2378, Time: 00:13:53

Health: -2/42      AC: 11    Str: 22    XL:     5   Next: 24%
Magic:  5/5        EV:  6    Int: 10    God:
Gold:   124        SH:  9    Dex: 12    Spells: 4/4 levels left

rFire    . . .     SeeInvis .   g - +2 whip (elec)
rCold    + . .     Gourm    .   c - +0 shield
rNeg     . . .     Faith    .   n - +0 chain mail
rPois    .         Spirit   .   (helmet restricted)
rElec    .         Reflect  .   r - +0 cloak (curse)
rCorr    .         Harm     .   (no gloves)
MR       .....                  o - +0 pair of boots
Stlth    ..........             (no amulet)
HPRegen  0.14/turn              p - ring of protection from cold
MPRegen  0.09/turn              (no ring)

@: mighty, very slow
A: antennae 1, demonic guardian 1
a: no special abilities


You were on level 3 of the Dungeon.
You were completely stuffed.

You visited 1 branch of the dungeon, and saw 3 of its levels.

You collected 124 gold pieces.

Inventory:

Hand Weapons
 a - a +0 flail
 f - a +2 quarterstaff of chaos
 g - a +2 whip of electrocution (weapon)
Armour
 b - a +0 scale mail
 c - a +0 shield (worn)
 n - a +0 chain mail (worn)
 o - a +0 pair of boots (worn)
 r - a cursed +0 cloak (worn)
Jewellery
 p - a ring of protection from cold (left hand)
 q - a cursed ring of protection from fire
Wands
 u - a wand of flame (12)
Scrolls
 e - 2 scrolls of magic mapping
 i - 2 scrolls of blinking {unknown}
 k - 2 scrolls of amnesia {unknown}
 l - 3 scrolls of remove curse {unknown}
 m - a scroll of enchant weapon {unknown}
 s - a scroll of enchant armour {unknown}
Potions
 d - 2 potions of might
 h - 2 potions of curing
 t - a potion of heal wounds
Comestibles
 j - a ration


   Skills:
 + Level 3.6 Fighting
 + Level 2.3 Maces & Flails
 * Level 3.6 Armour
 + Level 1.2 Dodging
 * Level 3.7 Shields


You had 4 spell levels left.
You didn't know any spells.

Dungeon Overview and Level Annotations

Branches:
Dungeon (3/15)

Altars:
Zin

Annotations:
D:3 1 transporter


Innate Abilities, Weirdness & Mutations

You have a pair of small antennae on your head.
A weak demonic guardian rushes to your aid.


Message History

There is an open door here.
The orc priest invokes the aid of Beogh against you.
Beogh smites you!
There is an open door here.
The shadow imp spits at you.
You swap places.
Why would you want to do that?
You swap places.
The shadow imp shouts, "Decamp, thou plume-plucked miscreant snaffler!"
The shadow imp gestures at you. Pain shoots through your body!
You enter the shallow water.
Moving in this stuff is going to be slow.
The orc priest calls down the wrath of Beogh upon you.
Pain shoots through your body!
* * * LOW HITPOINT WARNING * * *
Your unstable footing causes you to fumble your attack.
The orc priest calls down the wrath of Beogh upon you.
Beogh smites you!
You die...

#######...#.............#### #.#
..........[......©.........###.##
..........#..#########.........>#
###########..#8P.©.P8#.###..##..#
.........#P.....P#.# ##.##..#
########.####'####.# #..#..#
#.#.≈...≈.#.# ##.#..#
#.#5≈5..≈5#.# .#..# #.#o≈@≈P≈5#.#
#.#..# #.#.≈P⌠≈≈.#.# #.#..#
#.#.≈≈≈≈≈.#.# ###.#..#
#.#.≈...≈.#.# #......#
#.#.≈...≈.#.# #..).#
########.####+####.# #....
#.....##.#≈..%..≈#.# #...#
#.....##.#8P$©$P8#.# ##..#
#.....##.####### #...


You could see an orc priest, 3 shadow imps and a friendly quasit.

Vanquished Creatures
  Crazy Yiuf (D:2)
  Terence (D:2)
  A howler monkey zombie (D:2)
  3 adders (D:2)
  2 oozes
  A worm (D:3)
  3 dart slugs
  6 orcs
  A ball python (D:1)
  4 giant cockroaches
  4 goblins (D:1)
  5 hobgoblins
  4 jackals (D:2)
  A quokka (D:3)
  4 bats
  5 frilled lizards
  3 kobolds
  7 rats
56 creatures vanquished.

Notes
Turn   | Place    | Note
-------+----------+-------------------------------------------
     0 | D:1      | Hercules1031 the Demonspawn Fighter began the quest for the Orb.
     0 | D:1      | Reached XP level 1. HP: 18/18 MP: 1/1
   180 | D:1      | Gained mutation: You have a pair of small antennae on your head. [demonic ancestry]
   180 | D:1      | Reached XP level 2. HP: 23/24 MP: 2/2
   632 | D:2      | Noticed Terence
   642 | D:2      | Killed Terence
   642 | D:2      | Gained mutation: A weak demonic guardian rushes to your aid. [demonic ancestry]
   642 | D:2      | Reached XP level 3. HP: 17/29 MP: 3/3
  1011 | D:2      | Reached XP level 4. HP: 16/35 MP: 4/4
  1032 | D:2      | Found a glowing silver altar of Zin.
  1186 | D:2      | Reached skill level 1 in Dodging
  1526 | D:2      | Found a runed door.
  1530 | D:2      | Noticed Crazy Yiuf
  1532 | D:2      | Killed Crazy Yiuf
  1532 | D:2      | Reached XP level 5. HP: 41/41 MP: 5/5
  2285 | D:3      | Found a transporter.
  2332 | D:3      | Found a transporter.
  2378 | D:3      | Killed from afar by an orc priest

Skill      XL: |  1  2  3  4 |
---------------+-------------+-----
Shields        | 3 |  3.7
Maces & Flails | 2 |  2.3
Armour         | 3 |  3.6
Dodging        | 1 |  1.2
Fighting       | |  3.6

Action                   |  1- 3 |  4- 6 || total
-------------------------+-------+-------++-------
Melee: Flail             |    34 |       ||    34
       Whip              |    47 |    83 ||   130
  Use: Potion            |     2 |     3 ||     5
       Scroll            |       |     3 ||     3
  Eat: Ration            |     2 |     2 ||     4
Armor: Scale mail        |    44 |       ||    44
       Chain mail        |     9 |    57 ||    66
Dodge: Dodged            |    19 |    16 ||    35
Block: Shield            |    30 |    48 ||    78
